 Dungeon Crawl Stone Soup version 0.25.1-2-g60ff931df9 (webtiles) character file.

Game seed: 12720034749828714264

9059 miket3c the Carver (level 11, -1/94 HPs)
             Began as a Minotaur Fighter on Sept 30, 2020.
             Was an Initiate of Makhleb.
             Slain by a polar bear (18 damage)
             ... created by the rage of Trog
             ... on level 10 of the Dungeon.
             The game lasted 00:24:18 (10630 turns).

miket3c the Carver (Minotaur Fighter)              Turns: 10630, Time: 00:24:19

Health: -1/94      AC: 19    Str: 22    XL:     11   Next: 18%
Magic:  10/10      EV:  7    Int:  5    God:    Makhleb [......]
Gold:   531        SH: 11    Dex: 12    Spells: 10/10 levels left

rFire    . . .     SeeInvis .   I - +4 scimitar (flame)
rCold    . . .     Gourm    .   c - +0 kite shield
rNeg     . . .     Faith    .   v - +0 plate armour
rPois    .         Spirit   .   (helmet restricted)
rElec    .         Reflect  .   B - +0 cloak
rCorr    .         Harm     .   (no gloves)
MR       .....                  (no boots)
Stlth    ..........             (no amulet)
HPRegen  0.25/turn              F - +4 ring of protection
MPRegen  0.12/turn              (no ring)

@: no status effects
A: retaliatory headbutt, horns 2
a: Renounce Religion


You were on level 10 of the Dungeon.
You worshipped Makhleb.
Makhleb was noncommittal.
You were not hungry.

You visited 2 branches of the dungeon, and saw 11 of its levels.

You collected 531 gold pieces.

Inventory:

Hand Weapons
 a - a +2 long sword
 I - a +4 scimitar of flaming (weapon)
Missiles
 d - 4 javelins
 l - 379 stones (quivered)
 D - 14 boomerangs
Armour
 b - a +0 scale mail
 c - a +0 kite shield (worn)
 k - a +0 chain mail
 v - a +0 plate armour (worn)
 B - a +0 cloak (worn)
Jewellery
 F - a +4 ring of protection (left hand)
Wands
 p - a wand of random effects (12)
 w - a wand of polymorph (9)
 y - a wand of clouds (6)
Scrolls
 g - 11 scrolls of identify
 h - 2 scrolls of immolation
 n - a scroll of teleportation
 r - a scroll of fear
 s - 9 scrolls of remove curse
 t - a scroll of blinking {unknown}
 z - a scroll of enchant weapon
 A - a scroll of noise {unknown}
 C - a scroll of amnesia {unknown}
 H - a scroll of random uselessness {unknown}
 J - a scroll of fog {unknown}
 K - a scroll of summoning {unknown}
Potions
 e - 3 potions of stabbing
 i - a potion of invisibility {unknown}
 j - 2 potions of brilliance {unknown}
 m - a potion of degeneration {unknown}
 o - a potion of ambrosia {unknown}
 q - 2 potions of cancellation {unknown}
 x - 2 potions of mutation {unknown}
 E - a potion of magic {unknown}
 G - a potion of flight {unknown}
 M - a potion of lignification {unknown}
Comestibles
 f - 17 rations
 L - 3 chunks of flesh


   Skills:
 + Level 8.2 Fighting
 * Level 14.7 Long Blades
 + Level 1.9 Throwing
 + Level 8.7 Armour
 + Level 3.0 Dodging
 + Level 8.9 Shields


You had 10 spell levels left.
You didn't know any spells.
Your spell library contained the following spells:

 Spells                   Type           Power        Failure   Level  Hunger
 Magic Dart               Conj           #...         100%        1    ##.....
 Blink                    Tloc           N/A          100%        2    ###....
 Call Imp                 Summ           #.......     100%        2    ###....
 Slow                     Hex            #.......     100%        2    ###....
 Conjure Flame            Conj/Fire      #.......     100%        3    ####...
 Mephitic Cloud           Conj/Pois/Air  #.......     100%        3    ####...


Dungeon Overview and Level Annotations

Branches:
Dungeon (10/15)            Temple (1/1) D:6            Lair (0/6) D:10
    Orc (0/2) D:10

Altars:
Ashenzari
Cheibriados
Dithmenos
Elyvilon
Fedhas
Gozag
Hepliaklqana
Kikubaaqudgha
Makhleb
Nemelex Xobeh
Okawaru
Qazlal
Ru
Sif Muna
Trog
Uskayaw
Vehumet
Wu Jian
Xom
Yredelemnul
Zin
The Shining One

Shops:
D:7 *   D:10 *


Innate Abilities, Weirdness & Mutations

You reflexively headbutt those who attack you in melee.
You have a pair of horns on your head.


Message History

The ogre hits you with a +0 giant club!!
You slash the ogre! You burn the ogre! You headbutt the ogre!
The ogre is almost dead.
The polar bear barely misses you. You furiously retaliate!
You headbutt the polar bear! You block the polar bear's attack.
The polar bear closely misses you.
The black bear bites you but does no damage.
You block the black bear's attack.
The black bear claws you but does no damage.
The black bear barely misses you.
The black bear claws you but does no damage. x2
The ogre barely misses you. You furiously retaliate!
You headbutt the ogre!
You kill the ogre!
That felt strangely unrewarding.
The ogre hits you with a +0 giant club!!!
* * * LOW HITPOINT WARNING * * *
You hear a shout!
You hit the black bear but do no damage.
The polar bear bites you!!
You die...

...........P......# #.
.......>..........# #.
#...P.............+ #.
#........P..##...# #.
#.........# #. #####...(.#
.##+##. ..........#
........<.. ........hh#
+........... ...$...h.@#
#........... ........Oh#
#........... ..........#
#........... ..........#
#.....##+###
..........#####.....#....#
....................#....#
....................#....#
.........#######....#....#
.........# #....'....#


You could see a polar bear (berserk), 3 black bears and an ogre (berserk).

Vanquished Creatures
  Harold (D:9)
  Erica (D:9)
  2 two-headed ogres
  Pikel (D:5)
  An elephant (D:10)
  Grinder (D:3)
  A troll (D:8)
  2 hippogriffs
  Sigmund (D:6)
  3 yaks (D:9)
  Eustachio (D:6)
  An ice beast (D:9)
  2 phantoms
  5 sky beasts
  A slave (D:5)
  4 orc warriors
  A necrophage (D:8)
  5 ogres
  7 centaurs
  2 crocodiles (D:10)
  2 bullfrogs
  4 scorpions
  A howler monkey (D:6)
  A centaur zombie (D:6)
  4 crimson imps
  2 bullfrog zombies
  A quasit (D:8)
  3 hounds
  5 jellies
  6 orc priests
  Crazy Yiuf (D:6)
  2 bullfrog skeletons
  2 iguanas
  8 orc wizards
  Ijyb (D:3)
  7 worker ants
  A hound zombie (D:6)
  A worker ant zombie (D:7)
  11 adders
  2 shadow imps
  6 oozes
  An adder skeleton (D:5)
  3 worms (D:3)
  7 leopard geckos
  21 orcs
  10 giant cockroaches
  6 goblins
  8 hobgoblins
  16 jackals
  9 kobolds
  2 quokkas
  3 ball pythons
  A bat (D:1)
  5 frilled lizards
  A leopard gecko skeleton (D:5)
  A leopard gecko zombie (D:6)
  A quokka skeleton (D:7)
  6 rats
215 creatures vanquished.

Vanquished Creatures (others)
  An ogre (D:5)
  An orc wizard (D:8)
2 creatures vanquished.

Grand Total: 217 creatures vanquished

Notes
Turn   | Place    | Note
-------+----------+-------------------------------------------
     0 | D:1      | miket3c the Minotaur Fighter began the quest for the Orb.
     0 | D:1      | Reached XP level 1. HP: 19/19 MP: 0/0
   260 | D:1      | Reached XP level 2. HP: 27/27 MP: 1/1
   878 | D:2      | Found a white marble altar of Elyvilon.
   926 | D:2      | Reached skill level 3 in Long Blades
  1122 | D:2      | Reached XP level 3. HP: 33/33 MP: 2/2
  1168 | D:2      | Noticed a sky beast
  1177 | D:2      | Killed a sky beast
  1177 | D:2      | Reached skill level 4 in Long Blades
  1177 | D:2      | Reached XP level 4. HP: 18/40 MP: 3/3
  1505 | D:3      | Reached skill level 1 in Dodging
  1505 | D:3      | Reached XP level 5. HP: 15/46 MP: 4/4
  1759 | D:3      | Noticed Ijyb
  1769 | D:3      | Killed Ijyb
  1861 | D:3      | Reached skill level 5 in Long Blades
  2092 | D:3      | Noticed Grinder
  2109 | D:3      | Paralysed by Grinder for 5 turns
  2115 | D:3      | Killed Grinder
  2115 | D:3      | Reached skill level 6 in Long Blades
  2115 | D:3      | Reached skill level 5 in Armour
  2115 | D:3      | Reached XP level 6. HP: 8/53 MP: 5/5
  3051 | D:4      | Reached XP level 7. HP: 60/60 MP: 6/6
  3069 | D:4      | Reached skill level 7 in Long Blades
  3532 | D:4      | Reached skill level 5 in Shields
  3675 | D:4      | Reached skill level 8 in Long Blades
  4101 | D:5      | Entered Level 5 of the Dungeon
  4221 | D:5      | Reached skill level 1 in Throwing
  4255 | D:5      | Reached XP level 8. HP: 65/67 MP: 7/7
  4546 | D:5      | Reached skill level 9 in Long Blades
  4554 | D:5      | Reached skill level 5 in Fighting
  4600 | D:5      | Noticed Pikel
  4618 | D:5      | Killed Pikel
  4618 | D:5      | Reached skill level 10 in Long Blades
  5145 | D:5      | Reached XP level 9. HP: 55/74 MP: 8/8
  5480 | D:6      | Noticed Sigmund
  5488 | D:6      | Killed Sigmund
  5531 | D:6      | Noticed Eustachio
  5540 | D:6      | Killed Eustachio
  5543 | D:6      | Reached skill level 11 in Long Blades
  5666 | D:6      | Found a hazy altar of Hepliaklqana.
  5815 | D:6      | Found a runed translucent door.
  5816 | D:6      | Noticed Crazy Yiuf
  6080 | D:6      | Found a staircase to the Ecumenical Temple.
  6089 | Temple   | Entered the Ecumenical Temple
  6264 | Temple   | Became a worshipper of Trog the Wrathful
  6442 | D:6      | Killed Crazy Yiuf
  6708 | D:7      | Found an opulent altar of Gozag.
  6712 | D:7      | Found Gozag's Platinum Reserve.
  7388 | D:8      | Reached skill level 12 in Long Blades
  7447 | D:8      | Found a hide-covered altar of Uskayaw.
  7478 | D:8      | Reached * piety under Trog
  7789 | D:8      | Noticed a two-headed ogre
  7797 | D:8      | Killed a two-headed ogre
  7797 | D:8      | Reached XP level 10. HP: 57/84 MP: 9/9
  8001 | D:8      | Reached skill level 13 in Long Blades
  8607 | D:8      | Found a sacrificial altar of Ru.
  8607 | D:8      | Found a burning altar of Makhleb.
  9063 | D:8      | Fell from the grace of Trog
  9063 | D:8      | Became a worshipper of Makhleb the Destroyer
  9115 | D:9      | Noticed Harold
  9126 | D:9      | Killed Harold
  9386 | D:9      | Noticed Erica
  9397 | D:9      | Killed Erica
  9397 | D:9      | Reached skill level 14 in Long Blades
 10157 | D:9      | Found a shimmering blue altar of Sif Muna.
 10182 | D:10     | Entered Level 10 of the Dungeon
 10184 | D:10     | Found a staircase to the Orcish Mines.
 10258 | D:10     | Noticed a two-headed ogre
 10264 | D:10     | Killed a two-headed ogre
 10264 | D:10     | Reached XP level 11. HP: 78/94 MP: 10/10
 10378 | D:10     | Found Biunow's General Store.
 10533 | D:10     | Found a staircase to the Lair.
 10630 | D:10     | Slain by a polar bear

Illustrated notes

Levels and vault maps discovered:
D:1:      evilmike_arrival_hilbert_curve, layout_loops_cross,
          chequers_serial_rivers_marsh
D:2:      layout_rooms, elyvilon_altar_1, first_ration
D:3:      layout_loops_corners, uniq_ijyb, uniq_grinder
D:4:      layout_basic
D:5:      layout_basic, minmay_fractal_squares_5, uniq_pikel
D:6:      layout_loops_ring, lemuel_crystal_altar, lemuel_temple_firewalk_b,
          uniq_crazy_yiuf_cottage, uniq_eustachio, uniq_sigmund
D:7:      layout_basic, nicolae_gozag_zags_fifth_avenue, kennysheep_small_circle
D:8:      layout_loops_ring, amethyst_overflow_temple_binary,
          eat_drink_and_be_merry_uskayaw, hangedman_little_slice_of_home
D:9:      layout_basic, lemuel_blue_sif_altar, uniq_erica, uniq_harold
D:10:     layout_irregular_city, david_lair_generic, orc_0_dummy, serial_shops,
          nicolae_shop_statue_plus, hangedman_abyss_or_decor_stagger,
          minmay_quadrilaterals
Temple:   regret_index_temple_waves

Skill      XL: |  1  2  3  4  5  6  7  8  9 10 11 |
---------------+----------------------------------+-----
Armour         | 4 5 6 7 8 |  8.7
Shields        | 4 5 6 7 8 |  8.9
Long Blades    | 3 4 6 8 10 12 14 | 14.7
Fighting       | 4 5 6 7 8 |  8.2
Dodging        | 1 2 3 |  3.0
Throwing       | 1 |  1.9

Action                   |  1- 3 |  4- 6 |  7- 9 | 10-12 || total
-------------------------+-------+-------+-------+-------++-------
Melee: Long sword        |    77 |   113 |   366 |   123 ||   679
       Headbutt          |    13 |    24 |    67 |    51 ||   155
       Scimitar          |       |       |       |    58 ||    58
Throw: Stone             |       |     4 |    17 |       ||    21
Invok: Berserk           |       |       |       |     1 ||     1
  Use: Potion            |       |       |     4 |     1 ||     5
       Scroll            |       |       |     4 |     5 ||     9
  Eat: Chunk             |     1 |     6 |     6 |     3 ||    16
       Ration            |       |       |     3 |     2 ||     5
Armor: Scale mail        |    33 |    43 |    28 |       ||   104
       Chain mail        |       |       |    40 |       ||    40
       Plate armour      |       |       |    88 |    90 ||   178
Dodge: Dodged            |    29 |    27 |    74 |    43 ||   173
Block: Kite shield       |    42 |    53 |   188 |    96 ||   379
       Rpst.: Long sword |     8 |     5 |    21 |     3 ||    37
       Scimitar          |       |       |       |     3 ||     3
